 Dungeon Crawl Stone Soup version 0.21.0-26-g889b8f6 (webtiles) character file.

43 Megalobster the Charmwright (level 3, 0/31 HPs)
             Began as a Gnoll Skald on Jan 27, 2018.
             Succumbed to Robin's poison
             ... on level 2 of the Dungeon.
             The game lasted 00:03:46 (1304 turns).

Megalobster the Charmwright (Gnoll Skald)           Turns: 1304, Time: 00:03:47

Health: 0/31       AC:  5    Str: 13    XL:     3   Next: 58%
Magic:  9/9        EV: 14    Int: 16    God:
Gold:   134        SH:  0    Dex: 16    Spells: 1/12 levels left

rFire    . . .     SeeInvis .   a - +0 falchion
rCold    . . .     Gourm    .   (no shield)
rNeg     . . .     Faith    .   b - +0 leather armour
rPois    .         Spirit   .   s - +0 helmet
rElec    .         Reflect  .   (no cloak)
rCorr    .         Harm     .   (no gloves)
MR       .....                  r - +0 pair of boots
Stlth    ..........             (no amulet)
HPRegen  0.10/turn              n - ring of loudness (curse)
MPRegen  0.11/turn              j - +2 ring of dexterity

@: lethally poisoned (0 -> -10), about to teleport, berserk cooldown, slowed,
drained, very slow
A: distributed training, fangs 1, strong nose
a: no special abilities


You were on level 2 of the Dungeon.
You were not hungry.

You visited 1 branch of the dungeon, and saw 2 of its levels.

You collected 134 gold pieces.

Inventory:

Hand Weapons
 a - a +0 falchion (weapon)
 g - a +4 dagger
 q - a +0 mace
 u - a +0 spear
 v - a +0 dagger of draining
 w - a +0 hunting sling
Missiles
 e - 24 arrows
 h - 67 stones (quivered)
Armour
 b - a +0 leather armour (worn)
 m - a +0 ring mail
 r - a +0 pair of boots (worn)
 s - a +0 helmet (worn)
 t - a +0 chain mail
 y - a +0 scale mail
Jewellery
 j - a +2 ring of dexterity (right hand)
 n - a cursed ring of loudness (left hand)
Scrolls
 k - a scroll of teleportation
 l - a scroll of blinking {unknown}
 o - a scroll of remove curse {unknown}
 p - a scroll of identify {unknown}
 B - a scroll of enchant armour {unknown}
Potions
 x - a potion of curing {unknown}
 z - a potion of agility {unknown}
 A - a potion of cancellation {unknown}
Books
 c - a book of Battle

   Spells                             Type                      Level
   a - Infusion                       Charms                       1
   b - Shroud of Golubria             Charms/Translocation         2
   c - Song of Slaying                Charms                       2
   d - Spectral Weapon                Hexes/Charms                 3
   e - Regeneration                   Charms/Necromancy            3
Comestibles
 d - 3 rations
 f - 4 chunks of flesh


   Skills:
 + Level 4.5(4.4) Fighting
 + Level 0.8(0.6) Short Blades
 + Level 4.5(4.4) Long Blades
 + Level 0.8(0.6) Axes
 + Level 0.8(0.6) Maces & Flails
 + Level 0.8(0.6) Polearms
 + Level 0.8(0.6) Staves
 + Level 0.8(0.6) Slings
 + Level 0.8(0.6) Bows
 + Level 0.8(0.6) Crossbows
 + Level 0.8(0.6) Throwing
 + Level 2.6(2.4) Armour
 + Level 4.5(4.4) Dodging
 + Level 0.8(0.6) Stealth
 + Level 0.8(0.6) Shields
 + Level 0.8(0.6) Unarmed Combat
 + Level 5.0(4.8) Spellcasting
 + Level 0.5(0.4) Conjurations
 + Level 0.5(0.4) Hexes
 + Level 5.4(5.2) Charms
 + Level 0.5(0.4) Summonings
 + Level 0.5(0.4) Necromancy
 + Level 0.5(0.4) Translocations
 + Level 0.5(0.4) Transmutations
 + Level 0.5(0.4) Fire Magic
 + Level 0.5(0.4) Ice Magic
 + Level 0.5(0.4) Air Magic
 + Level 0.5(0.4) Earth Magic
 + Level 0.5(0.4) Poison Magic
 + Level 1.0(0.8) Invocations
 + Level 0.8(0.6) Evocations


You had one spell level left.
You knew the following spells:

 Your Spells              Type           Power        Failure   Level  Hunger
a - Infusion              Chrm           ###.         2%          1    None
b - Song of Slaying       Chrm           ###.....     3%          2    ##.....
c - Shroud of Golubria    Chrm/Tloc      ##........   10%         2    ##.....
d - Regeneration          Chrm/Necr      ##........   19%         3    ###....
e - Spectral Weapon       Hex/Chrm       ##......     19%         3    ###....


Dungeon Overview and Level Annotations

Branches:
Dungeon (2/15)

Altars:
Elyvilon

Annotations:
D:2 Robin


Innate Abilities, Weirdness & Mutations

Your experience applies equally to all skills.
You have very sharp teeth.
Your uncanny sense of smell can sniff out nearby items.


Message History

The goblin misses you.
You take 4 damage, and have 11/31 hp.
You barely miss Robin.
Robin is severely wounded.
The goblin no longer looks unusually strong.
Robin hits you with a trident of venom.
You are lethally poisoned!
The goblin barely misses you.
You take 1 damage, and have 10/31 hp.
You hit Robin.
Robin is almost dead.
* * * LOW HITPOINT WARNING * * *
You feel sick. Robin hits you with a trident of venom!
* * * LOW HITPOINT WARNING * * *
The goblin closely misses you. The goblin hits you but does no damage.
You take 9 damage, and have 1/31 hp.
MASSIVE DAMAGE!!
As you read the scroll labeled HOMIOT XIEKHLOAJAFA, it crumbles to dust.
You feel strangely unstable.
It was a scroll of teleportation.
You die...

.###...###...#.# ##
##.## #####.######
#.# #[.........#
#.# #........#.#
... #........#>#
.P. #.....#....#
#...# #####.#....#
### #.######.# #
#.. #.g@ggg..# #.
#.# ##########
#.###.# ...#.# .#
#######.#.### .#
#...#.......# ###.#
#...#.#.#.#.###...#
#.....#.#...#.....#
###.###.####......#


You could see Robin, a hobgoblin and 2 goblins.

Vanquished Creatures
  2 dart slugs (D:1)
  3 bats
  4 giant cockroaches (D:1)
  12 goblins
  2 hobgoblins (D:1)
  2 ball pythons
  4 frilled lizards (D:1)
  3 kobolds (D:1)
  7 rats
39 creatures vanquished.

Notes
Turn   | Place    | Note
-------+----------+-------------------------------------------
     0 | D:1      | Megalobster the Gnoll Skald began the quest for the Orb.
     0 | D:1      | Reached XP level 1. HP: 20/20 MP: 6/6
   301 | D:1      | Reached XP level 2. HP: 26/26 MP: 7/7
   729 | D:1      | Reached XP level 3. HP: 28/31 MP: 2/9
   802 | D:1      | Reached skill level 5 in Spellcasting
   823 | D:1      | Learned a level 2 spell: Song of Slaying
   826 | D:1      | Learned a level 2 spell: Shroud of Golubria
   830 | D:1      | Learned a level 3 spell: Regeneration
   834 | D:1      | Learned a level 3 spell: Spectral Weapon
  1253 | D:2      | Found a white marble altar of Elyvilon.
  1285 | D:2      | Noticed Robin
  1289 | D:2      | Reached skill level 1 in Invocations
  1303 | D:2      | HP: 1/31 [Robin/trident of venom (7)]
  1304 | D:2      | Succumbed to Robin's poison

Skill      XL: |  1  2  3 |
---------------+----------+-----
Spellcasting   | 5 |  5.0
Invocations    | 1 |  1.0
Fighting       | |  4.5
Short Blades   | |  0.8
Long Blades    | |  4.5
Axes           | |  0.8
Maces & Flails | |  0.8
Polearms       | |  0.8
Staves         | |  0.8
Slings         | |  0.8
Bows           | |  0.8
Crossbows      | |  0.8
Throwing       | |  0.8
Armour         | |  2.6
Dodging        | |  4.5
Stealth        | |  0.8
Shields        | |  0.8
Unarmed Combat | |  0.8
Conjurations   | |  0.5
Hexes          | |  0.5
Charms         | |  5.4
Summonings     | |  0.5
Necromancy     | |  0.5
Translocations | |  0.5
Transmutations | |  0.5
Fire Magic     | |  0.5
Ice Magic      | |  0.5
Air Magic      | |  0.5
Earth Magic    | |  0.5
Poison Magic   | |  0.5
Evocations     | |  0.8

Action                   || total
-------------------------++-------
Melee: Falchion          ||    96
       Bite              ||    10
 Cast: Infusion          ||     2
  Use: Scroll            ||     1
       Potion            ||     1
  Eat: Chunk             ||     1
Armor: Leather armour    ||    13
Dodge: Dodged            ||    85
       Rpst.: Falchion   ||    23
